[Event "*** SCC Grand Prix: Titled Tuesday Blitz"]
[Site "Chess.com"]
[Date "2020.10.13"]
[Round "5"]
[White "GMSrinath"]
[Black "Semen16"]
[Result "1-0"]
[WhiteElo "2808"]
[BlackElo "2461"]
[TimeControl "180+1"]
[EndTime "10:55:15 PDT"]
[Termination "GMSrinath won by resignation"]

1. e4 e5 2. Nf3 Nc6 3. Bb5 a6 4. Ba4 Nf6 5. O-O Be7 6. Re1 b5 7. Bb3 O-O 8. a4 Rb8 9. d3 d6 10.
Nc3 b4 11. Nd5 Na5 12. Ba2 b3 13. Nxe7+ Qxe7 14. cxb3 Be6 15. b4 Nc6 16. Bxe6 fxe6 17. h3 Rxb4 18. Qc2 Nd4 19. Nxd4 exd4 20. Bd2 Rb6 21.
a5 Rb5 22. b4 Nd7 23. Qxc7 Rfb8 24. Rac1 R5b7 25. Qc4 Ne5 26. Qxd4 Rf8 27. f4 Nd7 28.
Rc6 Qh4 29. Qxd6 Nf6 30. Qxe6+ Kh8 31. Rxa6 h6 32. Rb6 Rc7 33. Qd6 Rcc8 34. f5 Nh5 35.
Qe5 Rfe8 36. Rxh6+ Kg8 37. Qd5+ Kf8 38. Rh8+ Ke7 39.
Qe6+ 1-0

[Event "*** SCC Grand Prix: Titled Tuesday Blitz"]
[Site "Chess.com"]
[Date "2020.10.13"]
[Round "5"]
[White "VerdeNotte"]
[Black "Sashadav97"]
[Result "1-0"]
[WhiteElo "2831"]
[BlackElo "2599"]
[TimeControl "180+1"]
[EndTime "10:55:17 PDT"]
[Termination "VerdeNotte won on time"]

1. e4 c6 2. Nf3 d5 3. exd5 cxd5 4. d4 Nc6 5. Ne5 a6 6. c4 Nf6 7. Nc3 Be6 8. Nxc6 bxc6 9. c5 g6 10. Na4 Nd7 11. Be2 Bg7 12. O-O O-O 13. Be3 a5 14. a3 Rb8 15. Bf4 Rb7 16. Qd2 Bf5 17. Bh6 Bxh6 18.
Qxh6 Bc2 19. Bd1 Bxa4 20. Bxa4 Qc7 21. Rab1 Rfb8 22. Qd2 e5 23. b4 e4 24. g3 Kg7 25. f3 Nf6 26. Bc2 axb4 27. axb4 exf3 28. Rxf3 Ne4 29. Qe1 f5 30. Bxe4 dxe4 31. Ra3 Re8 32.
b5 cxb5 33. Qc3 e3 34. d5+ Qe5 35. c6 Rc7 36. d6 Rxc6 37. Qxc6 e2 38. Re1 Qd4+ 39. Kg2 Re4 40. Qc3 1-0

[Event "*** SCC Grand Prix: Titled Tuesday Blitz"]
[Site "Chess.com"]
[Date "2020.10.13"]
[Round "5"]
[White "tornikesanikidze"]
[Black "BilodeauA"]
[Result "1-0"]
[WhiteElo "2685"]
[BlackElo "2896"]
[TimeControl "180+1"]
[EndTime "10:55:18 PDT"]
[Termination "tornikesanikidze won by resignation"]

1. d4 d5 2. c4 dxc4 3. e4 Nf6 4. e5 Nd5 5. Bxc4 Nb6 6. Bd3 Nc6 7. Ne2 Bg4 8. f3 Bh5 9. Nbc3 e6 10. Be4 Qd7 11. Bg5 Bg6 12. O-O Be7 13. Bxc6 Qxc6 14. Bxe7 Kxe7 15. Rc1 Qd7 16. Nf4 Rhd8 17. d5 exd5 18.
Re1 Bf5 19. e6 Bxe6 20. Qd4 Kf8 21. Nh5 f6 22. Nxf6 gxf6 23. Qxf6+ Bf7 24. Qh8+ Bg8 25. Re5 Re8 26. Rg5 Ke7 27. Re1+ Kd6 28. Qf6+ Be6 29. Rg7 Re7 30. Nb5+ Kc5 31. Rxe7 Qxb5 32. Rxc7+ Kb4 33. Qc3+ 1-0

[Event "*** SCC Grand Prix: Titled Tuesday Blitz"]
[Site "Chess.com"]
[Date "2020.10.13"]
[Round "5"]
[White "BursaBBSatranc"]
[Black "Snegokhod"]
[Result "0-1"]
[WhiteElo "2585"]
[BlackElo "2424"]
[TimeControl "180+1"]
[EndTime "10:55:18 PDT"]
[Termination "Snegokhod won by resignation"]

1. d4 Nf6 2. Bf4 Nh5 3. Bg5 h6 4. Bh4 g5 5. e3 gxh4 6. Qxh5 e6 7. Nf3 Nc6 8. Qxh4 Qxh4 9. Nxh4 d6 10. a3 Bd7 11. c4 e5 12. Nf3 exd4 13. exd4 Bg7 14. Nc3 Nxd4 15. Be2 Nc2+ 16. Kd2 Nxa1 17. Rxa1 Bxc3+ 18. Kxc3 Bg4 19. Re1 O-O-O 20. Nd4 Bxe2 21. Rxe2 Rde8 22. Rd2 Rhg8 23. g3 Re1 24. h4 Rge8 25.
Nf5 h5 26. Ne3 Kd7 27. Nd5 R8e5 28. c5 Kc6 29. Nb4+ Kxc5 30. Nd3+ Kc6 31. Nxe1 Rxe1 32. Rd4 Re5 33. Rf4 f5 34. Kd3 d5 35. Ra4 a6 36.
Rb4 b6 37. Kd2 Re4 38. Rb3 Kd6 39. Rf3 Ke5 40. Rd3 c5 41. b3 Rd4 42. Ke3 Rxd3+ 43.
Kxd3 f4 44. a4 fxg3 45. fxg3 b5 46. axb5 axb5 47. Ke3 c4 48. bxc4 dxc4 0-1

[Event "*** SCC Grand Prix: Titled Tuesday Blitz"]
[Site "Chess.com"]
[Date "2020.10.13"]
[Round "5"]
[White "UCantHandleDenker"]
[Black "annazero"]
[Result "0-1"]
[WhiteElo "2538"]
[BlackElo "2363"]
[TimeControl "180+1"]
[EndTime "10:55:18 PDT"]
[Termination "annazero won by resignation"]

1. Nf3 d5 2. g3 Nf6 3. Bg2 Bf5 4.
O-O e6 5. d3 h6 6. Nbd2 Be7 7.
Qe1 Bh7 8. e4 c6 9. Ne5 O-O 10.
f4 Nbd7 11. Nxd7 Nxd7 12. Qe2 dxe4 13. dxe4 Qb6+ 14. Kh1 Rad8 15. Nc4 Qa6 16. b3 Bf6 17. e5 Be7 18. a4 Nb6 19. Be3 Nxc4 20. bxc4 Qa5 21. Rfb1 b6 22. Bxc6 Rc8 23. Bb5 Qc3 24.
Ra2 Rfd8 25. Rb3 Qa5 26. Bf2 Rd2 27. Qe1 Rcd8 28. Rb1 Qc3 29. Kg2 Bc5 30. Rb3 Qd4 31.
Rf3 Be4 32. Ra3 Rxf2+ 33. Qxf2 Qxf2+ 34. Kh3 0-1

[Event "*** SCC Grand Prix: Titled Tuesday Blitz"]
[Site "Chess.com"]
[Date "2020.10.13"]
[Round "5"]
[White "ViditYT"]
[Black "Ermito2020"]
[Result "1-0"]
[WhiteElo "2857"]
[BlackElo "2674"]
[TimeControl "180+1"]
[EndTime "10:55:19 PDT"]
[Termination "ViditYT won by resignation"]

1. d4 e6 2. Nf3 f5 3. c4 Nf6 4. g3 Be7 5. Bg2 O-O 6. O-O d5 7. Nc3 c6 8. b3 Ne4 9. Bb2 Nd7 10. e3 b6 11. Rc1 Ba6 12. Re1 Rc8 13. Ne2 Bb4 14. Rf1 Bd6 15. Nf4 Qe8 16. Nd3 c5 17.
dxc5 bxc5 18. Re1 dxc4 19. bxc4 Qe7 20. Qc2 Rfd8 21. Red1 Rb8 22. Ba1 e5 23. Nde1 Nef6 24. Qxf5 Rb4 25. Bf1 e4 26. Ng5 h6 27. Qe6+ Kf8 28.
Qxd6 hxg5 29. Qxa6 Ng4 30. Qg6 Rb6 31. Qf5+ Ndf6 32.
Rxd8+ Qxd8 33. Bc3 Rd6 34. Qxc5 Kg8 35. Be2 Rd2 36. Bxg4 Nxg4 37. Bxd2 Qxd2 38. Qd5+ Qxd5 39. cxd5 1-0

[Event "*** SCC Grand Prix: Titled Tuesday Blitz"]
[Site "Chess.com"]
[Date "2020.10.13"]
[Round "5"]
[White "ManuDavid2910"]
[Black "rasmussvane"]
[Result "0-1"]
[WhiteElo "2654"]
[BlackElo "2902"]
[TimeControl "180+1"]
[EndTime "10:55:19 PDT"]
[Termination "rasmussvane won by resignation"]

1. e4 c6 2. Nf3 d5 3. Nc3 dxe4 4. Nxe4 Nf6 5. Neg5 h6 6. Nxf7 Kxf7 7. Ne5+ Kg8 8.
Ng6 Bf5 9. Bc4+ e6 10. Nxh8 Kxh8 11. O-O Bd6 12. d4 Nbd7 13. Re1 e5 14. h3 e4 15. Bb3 Qe8 16. c4 Qg6 17. Kh1 Rf8 18. Be3 Ng4 19.
d5 Nxe3 20. Rxe3 Bf4 21. Re2 Bc7 22. dxc6 bxc6 23. Bc2 Ne5 24. Qd4 Nd3 25. Bxd3 exd3 26. Re7 Rd8 27. Qc3 d2 28. Rd1 Bf4 29. Qa5 Rf8 30.
Qxa7 Be4 31. f3 Qg3 32. Qg1 Bxf3 0-1

[Event "*** SCC Grand Prix: Titled Tuesday Blitz"]
[Site "Chess.com"]
[Date "2020.10.13"]
[Round "5"]
[White "CheckThis4"]
[Black "penguingm1"]
[Result "0-1"]
[WhiteElo "2610"]
[BlackElo "2849"]
[TimeControl "180+1"]
[EndTime "10:55:20 PDT"]
[Termination "penguingm1 won on time"]

1. d4 d5 2. c4 e6 3. Nf3 Nf6 4. Nc3 Be7 5. Bf4 O-O 6. e3 b6 7. cxd5 Nxd5 8. Nxd5 exd5 9. Bd3 c5 10.
O-O c4 11. Bc2 Nc6 12. Ne5 Nxe5 13. Bxe5 b5 14. Qh5 g6 15. Qh6 Bf6 16. f4 Qe7 17. Rae1 Bb7 18. f5 Rae8 19. Bxf6 Qxf6 20. fxg6 Qg7 21.
gxh7+ Kh8 22. Qxg7+ Kxg7 23. Rf3 Re7 24. Ref1 Bc8 25.
Rg3+ Kh8 26. Rf6 Be6 27. Kf2 a5 28. h4 Rb7 29. h5 b4 30. h6 b3 31. axb3 cxb3 32.
Bd3 a4 33. Rff3 a3 34. bxa3 b2 35. Bb1 Rc7 36. Rg7 Rc1 37. Bd3 Rd1 38. Rfg3 Rxd3 39. Rg8+ Kxh7 40. R8g7+ Kxh6 0-1

[Event "*** SCC Grand Prix: Titled Tuesday Blitz"]
[Site "Chess.com"]
[Date "2020.10.13"]
[Round "5"]
[White "Kavyev_Ruslan"]
[Black "MrChampion_Coach"]
[Result "1-0"]
[WhiteElo "2556"]
[BlackElo "2359"]
[TimeControl "180+1"]
[EndTime "10:55:20 PDT"]
[Termination "Kavyev_Ruslan won by resignation"]

1. d4 Nf6 2. c4 e6 3. g3 c5 4. Nf3 cxd4 5. Nxd4 Bc5 6. Bg2 Qb6 7. e3 a6 8. O-O Qc7 9. Nc3 O-O 10. b3 d6 11. e4 Nc6 12. Be3 Bd7 13. Rc1 Nxd4 14.
Bxd4 Bxd4 15. Qxd4 Bc6 16. Nd5 Qd8 17. Nxf6+ Qxf6 18. Qxd6 Rfd8 19. Qb4 Qb2 20. a4 Rd3 21. Rb1 Qc2 22. Rfc1 Qa2 23. Ra1 Qb2 24. Rab1 Qa2 25. Qc5 Rad8 26. b4 Qxa4 27. b5 Be8 28. e5 axb5 29. cxb5 g6 30. Bxb7 Qa2 31. Bc6 Rc8 32. Qc2 Qxc2 33. Rxc2 Bxc6 34. bxc6 Kg7 35. Rb7 g5 36.
Rd7 Rb3 37. Kg2 Rb6 38. Ra2 Rbxc6 39. Raa7 Rf8 40. Ra5 h6 41. Kf3 Rc5 42. Rxc5 1-0

[Event "*** SCC Grand Prix: Titled Tuesday Blitz"]
[Site "Chess.com"]
[Date "2020.10.13"]
[Round "5"]
[White "Jospem"]
[Black "chenxiaoyuer"]
[Result "1-0"]
[WhiteElo "2940"]
[BlackElo "2538"]
[TimeControl "180+1"]
[EndTime "10:55:22 PDT"]
[Termination "Jospem won by resignation"]

1. e4 c5 2. Nf3 d6 3. c3 Nf6 4. h3 Nc6 5. Bd3 d5 6. e5 c4 7.
Bc2 Nd7 8. Qe2 g6 9. d4 cxd3 10. Bxd3 Bg7 11. Bf4 Nc5 12. O-O O-O 13. Bc2 b6 14.
Rd1 Ba6 15. Qe3 Ne6 16. Bh6 d4 17. cxd4 Nexd4 18. Nxd4 Bxh6 19. Nxc6 Qxd1+ 20. Bxd1 Bxe3 21. fxe3 Bb7 22. Nd4 Rfd8 23. Nc3 Rac8 24. Bb3 Rc5 25. Rf1 e6 26. Bxe6 fxe6 27. Nxe6 Rxc3 28. Nxd8 1-0

[Event "*** SCC Grand Prix: Titled Tuesday Blitz"]
[Site "Chess.com"]
[Date "2020.10.13"]
[Round "5"]
[White "oogee"]
[Black "lider34"]
[Result "0-1"]
[WhiteElo "2223"]
[BlackElo "2378"]
[TimeControl "180+1"]
[EndTime "10:55:23 PDT"]
[Termination "lider34 won by resignation"]

1. Nf3 g6 2. d4 Bg7 3. c4 d6 4. Nc3 Nf6 5. e4 O-O 6. Be2 e5 7. O-O Nc6 8. d5 Ne7 9. Ne1 Nd7 10.
Be3 f5 11. f3 f4 12. Bf2 g5 13. a4 a5 14. Nd3 Rf7 15. c5 Bf8 16. Nb5 Ng6 17. cxd6 cxd6 18. Rc1 Nf6 19. Qb3 g4 20. Na7 g3 21. Bb6 gxh2+ 22. Kxh2 Qe8 23. Nxc8 Rxc8 24. Rxc8 Qxc8 25. Rc1 Qe8 26. Bxa5 Nh5 27. Kg1 Nh4 28. Kf2 Rg7 29. Rg1 Qg6 30. Ne1 Qg3+ 31. Kf1 Qh2 32.
Bd1 Ng3+ 33. Kf2 Be7 34. Bb6 Ng6 35. Nc2 Bh4 36. Qc3 Nxe4+ 0-1

[Event "*** SCC Grand Prix: Titled Tuesday Blitz"]
[Site "Chess.com"]
[Date "2020.10.13"]
[Round "5"]
[White "Fy_Rakotomaharo"]
[Black "Indianlad"]
[Result "0-1"]
[WhiteElo "2655"]
[BlackElo "2910"]
[TimeControl "180+1"]
[EndTime "10:55:25 PDT"]
[Termination "Indianlad won by resignation"]

1. e4 e5 2. Nf3 Nc6 3. Bb5 a6 4.
Ba4 f5 5. d3 fxe4 6. dxe4 Nf6 7. Bg5 d6 8. O-O Be7 9. Qd3 O-O 10. c3 Kh8 11. Nbd2 Nh5 12. Bxe7 Qxe7 13. Qe3 h6 14. Bd1 Nf4 15. g3 Nh3+ 16. Kg2 Qf6 17. Ng1 Nxg1 18.
Kxg1 Bh3 19. Re1 Rf7 20. f3 Raf8 21. Bb3 Be6 22. Rf1 Nd8 23. Rae1 Bxb3 24. axb3 Ne6 25.
Kg2 g5 26. Rf2 h5 27. Rh1 Qg6 28. Rhf1 Nf4+ 29. Kh1 Nh3 30. Re2 g4 31. Ree1 Kg7 32. fxg4 Nf2+ 33. Kg2 Nxg4 34. Qa7 Rf2+ 35. Kg1 Rxd2 36.
Rxf8 Kxf8 37. Qb8+ Kg7 38. Qxc7+ Qf7 0-1

[Event "*** SCC Grand Prix: Titled Tuesday Blitz"]
[Site "Chess.com"]
[Date "2020.10.13"]
[Round "5"]
[White "m_ezat"]
[Black "wanyaland"]
[Result "1-0"]
[WhiteElo "2529"]
[BlackElo "2305"]
[TimeControl "180+1"]
[EndTime "10:55:25 PDT"]
[Termination "m_ezat won by resignation"]

1. d4 d5 2. c4 e6 3. Nc3 Nf6 4. cxd5 exd5 5. Bg5 c6 6. Qc2 Nbd7 7. e3 Be7 8. Bd3 O-O 9. Nf3 Re8 10. O-O Nf8 11. Rae1 g6 12. Ne5 Ne6 13. Bh4 Ng7 14. e4 dxe4 15. Bc4 Be6 16. Bxf6 Bxf6 17. Nxe4 Be7 18.
Nc5 Qxd4 19. Nxe6 Nxe6 20. Nxf7 Bf6 21. Rxe6 Rxe6 22. Bxe6 Re8 23. Qb3 Kg7 24. Rd1 Rxe6 25. g3 Qe4 26. Qxb7 Re7 27. Nd6 Qe2 28. Qb3 Qxb2 29.
Qc4 Re2 30. Ne4 Bd4 31. Qxd4+ Qxd4 32. Rxd4 1-0

[Event "*** SCC Grand Prix: Titled Tuesday Blitz"]
[Site "Chess.com"]
[Date "2020.10.13"]
[Round "5"]
[White "Gabix_94"]
[Black "AleksanderHnydiuk"]
[Result "1-0"]
[WhiteElo "2783"]
[BlackElo "2555"]
[TimeControl "180+1"]
[EndTime "10:55:26 PDT"]
[Termination "Gabix_94 won on time"]

1. Nf3 Nf6 2. d4 g6 3. Bg5 Bg7 4. Nbd2 c5 5. dxc5 Na6 6. e3 Nxc5 7. c3 O-O 8. Be2 b6 9. O-O Bb7 10. Bh4 d6 11. Nd4 e5 12. N4b3 d5 13. Nxc5 bxc5 14. Qc2 Qb6 15. Rad1 Rac8 16. Rfe1 Ba8 17. b3 a5 18. e4 Nxe4 19. Nxe4 dxe4 20. Bc4 Bf6 21. Bxf6 Qxf6 22. Bd5 Bxd5 23. Rxd5 Qf5 24. c4 a4 25. h3 axb3 26. axb3 Rfd8 27. Qd2 Rxd5 28.
Qxd5 Rb8 29. Re3 Qf4 30. Qxc5 Rd8 31. g3 Qf5 32. Qa5 Rd1+ 33. Kg2 Rc1 34. Qd2 Ra1 35. c5 Kg7 36. b4 Qc8 37. Qb2 Qa6 38. Qxe5+ Kh6 39.
Qf4+ Kg7 40. Qxe4 Qf1+ 41. Kf3 Qh1+ 42. Kf4 Qxh3 43. Qd4+ Kh6 44. g4 1-0

[Event "*** SCC Grand Prix: Titled Tuesday Blitz"]
[Site "Chess.com"]
[Date "2020.10.13"]
[Round "5"]
[White "VladimirBugayev"]
[Black "Malev212"]
[Result "1-0"]
[WhiteElo "2354"]
[BlackElo "2520"]
[TimeControl "180+1"]
[EndTime "10:55:26 PDT"]
[Termination "VladimirBugayev won by resignation"]

1. e4 c5 2. a3 h6 3. Nc3 e5 4. Bc4 Nf6 5. d3 d6 6. Nf3 Nc6 7. Nd2 g6 8. Nf1 Bg7 9. Ne3 O-O 10. O-O Be6 11. Ncd5 Nd7 12. f4 exf4 13. Nxf4 Bxc4 14. Nxc4 Nf6 15. Be3 b6 16. Qf3 Qd7 17. Nd5 Nxd5 18.
exd5 Ne7 19. Bf4 Nf5 20. g4 Nd4 21. Qg2 Rae8 22. Rae1 Rxe1 23. Rxe1 f5 24. Bxd6 fxg4 25. Bxf8 Nf3+ 26. Kf1 Bxf8 27. Re4 h5 28. h3 Qf5 29.
hxg4 Nh2+ 30. Kg1 Nxg4 31. d6 Qd5 32. Rxg4 Qxg2+ 33. Rxg2 1-0

[Event "*** SCC Grand Prix: Titled Tuesday Blitz"]
[Site "Chess.com"]
[Date "2020.10.13"]
[Round "5"]
[White "Iskusnyh"]
[Black "tteshan"]
[Result "1-0"]
[WhiteElo "2573"]
[BlackElo "2374"]
[TimeControl "180+1"]
[EndTime "10:55:27 PDT"]
[Termination "Iskusnyh won on time"]

1. d4 d5 2. c4 dxc4 3. e3 Nf6 4. Bxc4 e6 5. Nf3 a6 6. O-O b5 7. Be2 Bb7 8. Nc3 Nbd7 9. Qc2 c5 10. Rd1 Qb6 11.
a4 b4 12. a5 Qa7 13. Na4 cxd4 14. Nxd4 Rc8 15. Qd2 Be7 16. Bf3 O-O 17. Qe2 Bxf3 18. Qxf3 Ne5 19. Qe2 Rfd8 20. Nb6 Rc7 21. Bd2 Bc5 22. Be1 Bxd4 23. exd4 Nc6 24. d5 exd5 25. Nxd5 Nxd5 26. Rxd5 Re7 27. Rxd8+ Nxd8 28. Qc4 h6 29. Bxb4 Rc7 30. Qe4 Ne6 31. Bc3 Qc5 32. Rd1 Qc4 33.
Qxc4 Rxc4 34. Kf1 Ra4 35. Rd6 Nc7 36. Rc6 Nd5 37. Rxa6 Nf4 38. f3 Ra1+ 39. Kf2 Rc1 40. Ra8+ 1-0

[Event "*** SCC Grand Prix: Titled Tuesday Blitz"]
[Site "Chess.com"]
[Date "2020.10.13"]
[Round "5"]
[White "CzechmVIII"]
[Black "GM_Huschenbeth"]
[Result "1-0"]
[WhiteElo "2175"]
[BlackElo "2270"]
[TimeControl "180+1"]
[EndTime "10:55:27 PDT"]
[Termination "CzechmVIII won by resignation"]

1. e4 c5 2. Nf3 d6 3. d4 cxd4 4.
Nxd4 Nf6 5. Nc3 a6 6. Bg5 Nbd7 7.
Bc4 Qb6 8. O-O Qxb2 9. Nd5 Nxd5 10. Rb1 Qc3 11. Bxd5 e6 12. Bxb7 Bxb7 13. Rxb7 h6 14. Be3 Be7 15. Qh5 Qc8 16. Rfb1 Nc5 17. Rxe7+ Kxe7 18.
e5 d5 19. Nf5+ exf5 20. Bxc5+ Qxc5 21. Rb7+ Kd8 22. Qxf7 Qc6 23. e6 Re8 24. Rd7+ 1-0

[Event "*** SCC Grand Prix: Titled Tuesday Blitz"]
[Site "Chess.com"]
[Date "2020.10.13"]
[Round "5"]
[White "NewBornNow"]
[Black "Denis_Makhnyov"]
[Result "1-0"]
[WhiteElo "2654"]
[BlackElo "2873"]
[TimeControl "180+1"]
[EndTime "10:55:28 PDT"]
[Termination "NewBornNow won by resignation"]

1. e4 e5 2. Nf3 Nc6 3. Bc4 Bc5 4. c3 Nf6 5. d3 a6 6. Nbd2 Ba7 7. Bb3 d6 8. Nf1 Ne7 9. Ng3 Ng6 10. O-O O-O 11. h3 h6 12. d4 exd4 13. cxd4 d5 14. e5 Ne4 15. Bc2 Nxg3 16. fxg3 Bd7 17. g4 Qe8 18. Kh1 a5 19. a4 b5 20. axb5 Bxb5 21. Re1 Bb6 22. Ra3 Qe6 23. Bf5 Qe7 24. g5 h5 25. e6 Rae8 26. Qc2 Qd6 27. Bxg6 fxg6 28.
Qxg6 Re7 29. Qxh5 Rxe6 30. Rxe6 Qxe6 31. g6 Rf5 32. Bg5 Kf8 33. Qh8+ Qg8 34. Be7+ 1-0

[Event "*** SCC Grand Prix: Titled Tuesday Blitz"]
[Site "Chess.com"]
[Date "2020.10.13"]
[Round "5"]
[White "ThePatrick27"]
[Black "starworld123"]
[Result "0-1"]
[WhiteElo "2527"]
[BlackElo "2730"]
[TimeControl "180+1"]
[EndTime "10:55:28 PDT"]
[Termination "starworld123 won by resignation"]

1. d4 Nf6 2. c4 e6 3. Nf3 d5 4. g3 dxc4 5. Bg2 Bb4+ 6. Bd2 c5 7.
O-O O-O 8. Qc2 Bxd2 9. Qxd2 cxd4 10. Qxd4 Qxd4 11. Nxd4 a6 12. a4 e5 13. Nc2 Nc6 14.
Bxc6 bxc6 15. Nd2 Be6 16. Ne3 c3 17. bxc3 Nd5 18. Nd1 Rab8 19. e4 Nf6 20. Ne3 Rfd8 21. Ndc4 Nxe4 22. Nxe5 Rbc8 23. c4 Nd2 24. Rfd1 f6 25.
Ra2 Ne4 26. Raa1 fxe5 0-1

[Event "*** SCC Grand Prix: Titled Tuesday Blitz"]
[Site "Chess.com"]
[Date "2020.10.13"]
[Round "5"]
[White "Grieve72"]
[Black "zurzan"]
[Result "1-0"]
[WhiteElo "2472"]
[BlackElo "1996"]
[TimeControl "180+1"]
[EndTime "10:55:29 PDT"]
[Termination "Grieve72 won on time"]

1. d4 g6 2. h4 h5 3. Nh3 Bg7 4.
Nc3 Nf6 5. Ng5 d6 6. e4 O-O 7.
Bc4 e6 8. Bb3 c6 9. Be3 b5 10.
f3 a5 11. a4 b4 12. Ne2 d5 13.
Nf4 Nh7 14. Nxh7 Kxh7 15. c3 Nd7 16. e5 c5 17. Bc2 bxc3 18. bxc3 cxd4 19. cxd4 Nb6 20.
Nxh5 Nc4 21. Bg5 Qc7 22. Nxg7 Kxg7 23. Bf6+ Kg8 24. Qc1 Ne3 25. Qxe3 Qxc2 26. Qh6 Qc3+ 27. Kf2 1-0

[Event "*** SCC Grand Prix: Titled Tuesday Blitz"]
[Site "Chess.com"]
[Date "2020.10.13"]
[Round "5"]
[White "tan275"]
[Black "margarita_2703"]
[Result "0-1"]
[WhiteElo "2232"]
[BlackElo "2390"]
[TimeControl "180+1"]
[EndTime "10:55:29 PDT"]
[Termination "margarita_2703 won on time"]

1. d4 d5 2. c4 c6 3. Nf3 Nf6 4. g3 Bg4 5. Bg2 e6 6. Qb3 Qb6 7. c5 Qa6 8. Nc3 Nbd7 9. O-O Rb8 10. h3 Bxf3 11. Bxf3 b6 12. Bf4 Rc8 13. cxb6 axb6 14. a4 Be7 15. e4 dxe4 16. Nxe4 Nxe4 17. Bxe4 Nf6 18. Bg2 O-O 19. Rfc1 Nd5 20. Bd2 Bf6 21. Qc4 Qb7 22. h4 Rfd8 23. Bg5 Bxg5 24. hxg5 Qe7 25. Qb3 Qxg5 26. Bxd5 exd5 27. Qxb6 h5 28. Rxc6 h4 29. Kg2 hxg3 30. fxg3 Qd2+ 31. Kh3 Qd3 32. Re1 Qf5+ 33.
Kg2 Rb8 34. Qa6 Rxb2+ 35. Re2 Rb3 36. Rf2 Qg4 37. Rc8 Rxg3+ 0-1

[Event "*** SCC Grand Prix: Titled Tuesday Blitz"]
[Site "Chess.com"]
[Date "2020.10.13"]
[Round "5"]
[White "Kapibara_Warri0r"]
[Black "HanSchut"]
[Result "1-0"]
[WhiteElo "2093"]
[BlackElo "2216"]
[TimeControl "180+1"]
[EndTime "10:55:29 PDT"]
[Termination "Kapibara_Warri0r won by resignation"]

1. d4 Nf6 2. c4 g6 3. Nc3 d5 4.
cxd5 Nxd5 5. e4 Nxc3 6. bxc3 Bg7 7. Nf3 c5 8. Be3 Qa5 9. Qd2 Nc6 10. Be2 O-O 11.
O-O cxd4 12. Nxd4 Nxd4 13. Bxd4 Rd8 14. Qe3 Be6 15. Rab1 b6 16. Rfd1 Qxa2 17. Ra1 Qb3 18. Bxg7 Kxg7 19. Rdb1 Qc2 20. f4 Rd2 21. Rc1 Rxe2 22. Qd4+ f6 23. Rxc2 Rxc2 24. Qd3 Rb2 25. f5 Bf7 26. Qd7 Rc8 27. Qxc8 1-0

[Event "*** SCC Grand Prix: Titled Tuesday Blitz"]
[Site "Chess.com"]
[Date "2020.10.13"]
[Round "5"]
[White "MikeSailer"]
[Black "davigator"]
[Result "1-0"]
[WhiteElo "2113"]
[BlackElo "2333"]
[TimeControl "180+1"]
[EndTime "10:55:30 PDT"]
[Termination "MikeSailer won by checkmate"]

1. d4 Nf6 2. Nf3 e6 3. Bf4 c5 4. e3 Qb6 5. Nc3 a6 6. Rb1 d5 7. Be2 Bd7 8. O-O Be7 9. h3 O-O 10. a3 Rc8 11. Ne5 Nc6 12. Nxd7 Nxd7 13. dxc5 Nxc5 14.
Bf3 Bf6 15. Ne2 Rd8 16. Nd4 Na4 17. Nxc6 Qxc6 18. c3 Rac8 19. Bg3 b5 20. Qe2 g6 21.
e4 dxe4 22. Bxe4 Qc5 23. Rfd1 Kg7 24. Bb7 Rxd1+ 25. Rxd1 Rd8 26. Rxd8 Bxd8 27. Bxa6 Nxc3 28. bxc3 Bf6 29. Bxb5 Qxa3 30. Be5 Qc5 31. Bxf6+ Kxf6 32. Qc4 Qa3 33. Qd4+ Kg5 34. g3 h5 35. Qf4# 1-0

[Event "*** SCC Grand Prix: Titled Tuesday Blitz"]
[Site "Chess.com"]
[Date "2020.10.13"]
[Round "5"]
[White "exoticprincess"]
[Black "Aygehovit1992"]
[Result "1-0"]
[WhiteElo "2872"]
[BlackElo "2628"]
[TimeControl "180+1"]
[EndTime "10:55:31 PDT"]
[Termination "exoticprincess won by resignation"]

1. d4 d5 2. c4 e6 3. Nc3 Nf6 4. Bg5 Be7 5. e3 O-O 6. Rc1 c6 7. a3 Nbd7 8. Nf3 h6 9. Bf4 Nh5 10. Be5 Nxe5 11. dxe5 f5 12. Be2 g6 13. O-O Ng7 14.
Qb3 Kh7 15. Rfd1 Rb8 16. Qa4 a6 17. Qc2 Bd7 18. g3 Be8 19. b4 g5 20. cxd5 cxd5 21. Nd4 Bg6 22. f4 h5 23. Na4 h4 24. Nc5 Rc8 25.
Qb2 Bxc5 26. Rxc5 gxf4 27. exf4 Rxc5 28. bxc5 Qe7 29. Qb6 Rc8 30. Qd6 Qf7 31. Rb1 Bh5 32.
Bd3 Rc7 33. Kf2 hxg3+ 34. hxg3 Bg4 35. Rh1+ Kg8 36. Qd8+ Ne8 37. Rh6 Rxc5 38. Nxe6 Rc3 39. Qg5+ Ng7 40. Nxg7 Rxd3 41. Ne6+ 1-0

[Event "*** SCC Grand Prix: Titled Tuesday Blitz"]
[Site "Chess.com"]
[Date "2020.10.13"]
[Round "5"]
[White "mr65"]
[Black "PauloCesarCosta_sad"]
[Result "1/2-1/2"]
[WhiteElo "2152"]
[BlackElo "2259"]
[TimeControl "180+1"]
[EndTime "10:55:32 PDT"]
[Termination "Game drawn by repetition"]

1. e4 e6 2. d4 d5 3. Nc3 Nf6 4. e5 Nfd7 5. f4 c5 6. Nf3 Nc6 7. Be3 cxd4 8. Nxd4 Bc5 9. Qd2 O-O 10. Be2 a6 11. O-O-O Bxd4 12. Bxd4 b5 13. a3 Rb8 14.
h4 b4 15. Nb1 bxa3 16. Nxa3 f6 17. exf6 Nxf6 18. Bxf6 Qxf6 19. c3 Na5 20. Kb1 Nb3 21.
Qd3 Qxf4 22. Rdf1 Nd2+ 23. Ka2 Nxf1 24. Rxf1 Qxh4 25. Bf3 Rf7 26. Qd1 Rfb7 27. b4 Qe7 28. Be2 a5 29. Bd3 axb4 30. Qh5 g6 31. Bxg6 hxg6 32.
Qxg6+ Qg7 33. Qe8+ Kh7 34. Rh1+ Qh6 35. Rxh6+ Kxh6 36. Qh8+ Kg6 37. Qg8+ Kh6 38. Qh8+ Kg6 39. Qg8+ Kh6 40. Qh8+ 1/2-1/2

[Event "*** SCC Grand Prix: Titled Tuesday Blitz"]
[Site "Chess.com"]
[Date "2020.10.13"]
[Round "5"]
[White "pedromartinez91"]
[Black "German_Bazeev"]
[Result "0-1"]
[WhiteElo "2516"]
[BlackElo "2711"]
[TimeControl "180+1"]
[EndTime "10:55:33 PDT"]
[Termination "German_Bazeev won by resignation"]

1. d4 Nf6 2. Bf4 g6 3. Nd2 d5 4.
h3 Bg7 5. e3 O-O 6. c3 c6 7.
Ngf3 Bf5 8. Nh4 Nbd7 9. Nxf5 gxf5 10. g4 e5 11. dxe5 Ne4 12. gxf5 Nxd2 13. f6 Ne4 14. Qg4 Ndxf6 15. exf6 Nxf6 16. Qg2 Kh8 17. Rg1 Rg8 18. Qf3 Ne4 19. Bd3 Bxc3+ 20. Ke2 Qb6 21. b3 Bxa1 22. Rxa1 Rae8 23. Qh5 Rg6 24. Qf5 Kg8 25. h4 Qb4 26.
Bxe4 Qxe4 27. Qh3 Qxf4 28. h5 Rg5 29. h6 Qg4+ 30. Qxg4 Rxg4 0-1

[Event "*** SCC Grand Prix: Titled Tuesday Blitz"]
[Site "Chess.com"]
[Date "2020.10.13"]
[Round "5"]
[White "gurelediz"]
[Black "youngKID"]
[Result "0-1"]
[WhiteElo "2597"]
[BlackElo "2816"]
[TimeControl "180+1"]
[EndTime "10:55:35 PDT"]
[Termination "youngKID won by resignation"]

1. e4 c5 2. Nf3 Nc6 3. d4 cxd4 4. Nxd4 Nf6 5. Nc3 e6 6. Ndb5 d6 7. Bf4 e5 8. Bg5 a6 9. Bxf6 gxf6 10. Na3 b5 11.
Nd5 Bg7 12. c4 O-O 13. Bd3 f5 14. O-O Nd4 15. exf5 Bxf5 16. Bxf5 Nxf5 17. cxb5 axb5 18. Nxb5 Qg5 19. Qf3 Kh8 20. a4 Rg8 21. Ne3 Nd4 22.
Nxd4 exd4 23. Nd5 d3 24. Rfd1 d2 25. Ne3 Bxb2 26. Ra2 Bc1 27. Rc2 Rxa4 28. Qxf7 Rf4 29. Qd7 Re4 30. Qh3 d5 31. Rc7 Qg6 32. Nf5 Re1+ 0-1